 Seeded DCSS version 0.31.0-32-g396128a36d (webtiles) character file.

Game seed: 5852599659512852149 (custom seed)

9 CInkIbrahim the Slasher (level 2, -1/18 HPs)
             Began as a Gargoyle Gladiator on Mar 15, 2024.
             Slain by a hobgoblin (4 damage)
             ... on level 1 of the Dungeon.
             The game lasted 00:00:14 (136 turns).

CInkIbrahim the Slasher (Gargoyle Gladiator)         Turns: 136, Time: 00:00:15

Health: -1/18      AC:  6    Str: 17    XL:     2   Next: 16%
Magic:  2/2        EV: 12    Int:  8    God:
Gold:   21         SH:  0    Dex: 11    Spells: 1/1 levels left

rFire   . . .        a - +0 long sword
rCold   . . .        (no shield)
rNeg    + . .        b - +0 leather armour
rPois   ∞            c - +0 helmet
rElec   +            (no cloak)
rCorr   .            (no gloves)
SInv    .            (no boots)
Will    .....        (no amulet)
Stlth   +            (no ring)
HPRegen 0.23/turn    (no ring)
MPRegen 0.08/turn

%: no passive effects
@: invisible
A: sickness immunity, AC +2, negative energy resistance 1, electricity
resistance, torment resistance 1, petrification resistance
a: no special abilities


You were on level 1 of the Dungeon.
You visited 1 branch of the dungeon, and saw 1 of its levels.

You collected 21 gold pieces.

Inventory:

Hand Weapons
 a - a +0 long sword (weapon)
Missiles
 d - 3 throwing nets (quivered)
 e - a javelin
Armour
 b - a +0 leather armour (worn)
 c - a +0 helmet (worn)


   Skills:
 + Level 2.4 Fighting
 + Level 2.8 Long Blades
 + Level 2.0 Throwing
 + Level 2.5 Dodging


You had one spell level left.
You didn't know any spells.
Your spell library was empty.

Dungeon Overview and Level Annotations

Branches:
Dungeon (1/15)

Altars:


Innate Abilities, Weirdness & Mutations

You are immune to sickness and miasma.
Your stone body is resilient. (AC +2)
You are immune to poison.
You resist negative energy. (rN+)
You are resistant to electric shocks. (rElec)
You are resistant to unholy torment.
You are immune to petrification.


Message History

You are too injured to fight recklessly!
There are monsters nearby!
You are too injured to fight recklessly!
There are monsters nearby!
You are too injured to fight recklessly!
There are monsters nearby!
You are too injured to fight recklessly!
You hit the giant cockroach.
You kill the giant cockroach!
The hobgoblin barely misses you.
The kobold hits you with a +0 short sword.
The ball python bites you.
* * * LOW HITPOINT WARNING * * *
The ball python barely misses you.
Your Throwing skill increases to level 2!
Unknown command.
You barely miss the kobold. The kobold barely misses you.
The hobgoblin closely misses you. The ball python barely misses you.
The ball python closely misses you.
You hit the kobold.
The kobold is heavily wounded.
The ball python bites you but does no damage.
The ball python misses you. The kobold hits you but does no damage.
The hobgoblin barely misses you. The ball python barely misses you.
The ball python grabs you. The ball python constricts you.
The hobgoblin barely misses you.
The kobold hits you with a +0 short sword.
* * * LOW HITPOINT WARNING * * *
It was a potion of invisibility.
You fade into invisibility!
The ball python completely misses you. The ball python constricts you.
The kobold hits you but does no damage.
The hobgoblin hits you but does no damage.
You escape the ball python's grasp.
You catch the helpless kobold completely off-guard!
You hit the kobold.
You kill the kobold!
You strike the helpless hobgoblin from behind!
You hit the hobgoblin but do no damage. The hobgoblin hits you.
You die...

............# #..#.#....###)
............# #........#....
......).....#####.#...#.#.##.
..................#####.#.##.
............#####.#####.#.##.
.............................
.#..........###.........#...#
#..........#.....).###...###
########.#.@.!..............
####+###g#####....######
......S.S# #..........
......†g.# #........⌠.
....$...[# #.........⌠
.........# #..........
.........# #..........
.........# #...#####..
.........# #...#...###


You could see a hobgoblin (unable to see you) and a ball python (unable to see
you).

Vanquished Creatures
  A dart slug (D:1)
  A giant cockroach (D:1)
  3 goblins (D:1)
  A kobold (D:1)
  A frilled lizard (D:1)
7 creatures vanquished.

Notes
Turn   | Place    | Note
-------+----------+-------------------------------------------
     0 | D:1      | CInkIbrahim the Gargoyle Gladiator began the quest for the
                  | Orb.
     0 | D:1      | Reached XP level 1. HP: 12/12 MP: 1/1
   127 | D:1      | Reached XP level 2. HP: 11/18 MP: 2/2
   136 | D:1      | Slain by a hobgoblin

Illustrated notes

Levels and vault maps discovered:
D:1:      wander_arrival_estate, layout_basic, minmay_pentomino_u4

Skill      XL: |  1  2 |
---------------+-------+-----
Throwing       | 2 |  2.0
Fighting       | |  2.4
Long Blades    | |  2.8
Dodging        | |  2.5

Action                     || total
---------------------------++-------
  Melee: Long sword        ||    21
         Punch             ||     1
    Use: Potion            ||     1
   Stab: Invisible         ||     2
 Armour: Leather armour    ||    28
  Dodge: Dodged            ||    22
